Map: 오토메이턴 - 래더

Players

SpaceMarine

  • Race: Protoss Protoss
  • Spawn Location: 9:00

Creator - Winner!

  • Race: Protoss Protoss
  • Spawn Location: 3:00

Event: IEM Season 13: Katowice (2019)

VOD

Have the link to the VOD?

Description

Time

  • Played on: Feb. 26, 2019, 5:04 a.m.
  • Length: 7:40

All games in this series

Show
View Real Time Build Order
Export as new Build Order

SpaceMarine Protoss 

Build Orders: Blink Stalkers 

Get SALT Encoding   

  12  0:00  Probe  
  13  0:12  Probe  
  14  0:18  Pylon  
  14  0:23  Probe  
  15  0:32  Probe  
  15  0:38  Gateway  
  15  0:40  Probe  
  16  0:46  Assimilator  
  17  0:50  Probe  
  17  0:56  Assimilator  
  18  0:58  Probe  
  19  1:06  Probe  
  20  1:12  Gateway  
  20  1:17  Probe  
  21  1:26  Cybernetics Core  
  21  1:29  Probe  
  22  1:37  Pylon  
  22  1:41  Probe  
  23  2:03  Sentry, Adept  
  23  2:04  Warp Gate  
  27  2:31  Stalker  
  27  2:33  Twilight Council  
  29  2:41  Blink  
  29  2:49  Stalker  
  31  3:01  Pylon  
  31  3:18  Stalker  
  33  3:25  Stalker  
  35  3:35  Gateway  
  35  3:50  Gateway  
  35  4:02  Stalker  
  35  4:05  Pylon  
  35  4:09  Stalker  
  37  4:26  Stalker  
  37  4:30  Stalker  
  41  4:33  Stalker  
  43  4:41  Pylon  
  43  4:55  Stalker x2  
  43  4:56  Stalker  
  43  4:57  Stalker  
  35  5:20  Stalker x4  
  32  5:44  Stalker x2  
  32  5:45  Stalker  
  32  5:48  Zealot  
  40  6:08  Stalker x2  
  32  6:38  Stalker x3  
  36  6:40  Stalker  
  38  6:59  Stalker  
  40  7:02  Adept  
  40  7:03  Adept  
  44  7:09  Stalker  
Show
View Real Time Build Order
Export as new Build Order

Creator Protoss - Winner!

Build Orders: Phoenix Opening 

Get SALT Encoding   

  12  0:00  Probe  
  13  0:12  Probe  
  14  0:18  Pylon  
  14  0:24  Probe  
  15  0:32  Probe  
  15  0:37  Gateway  
  15  0:40  Probe  
  16  0:48  Assimilator  
  17  0:51  Probe  
  17  0:56  Assimilator  
  18  1:00  Probe  
  19  1:08  Gateway, Probe  
  19  1:17  Probe  
  20  1:25  Cybernetics Core  
  21  1:29  Probe  
  22  1:35  Pylon  
  22  1:41  Probe  
  23  1:51  Warp Gate  
  23  1:53  Probe  
  24  2:01  Stalker  
  24  2:02  Sentry  
  28  2:14  Pylon  
  28  2:34  Phoenix  
  27  2:38  Nexus  
  27  2:43  Probe  
  28  2:46  Sentry x2  
  32  2:55  Probe  
  33  3:06  Robotics Facility  
  33  3:08  Probe  
  34  3:13  Pylon  
  34  3:16  Shield Battery  
  34  3:20  Probe  
  32  3:37  Shield Battery x2  
  32  3:40  Stalker  
  32  3:43  Phoenix  
  32  3:48  Immortal  
  35  4:16  Shield Battery  
  35  4:20  Observer  
  35  4:28  Stalker x2  
  40  4:44  Immortal  
  43  4:58  Stalker  
  45  5:07  Stalker  
  39  5:28  Zealot  
  41  5:30  Stalker  
  41  5:31  Immortal  
  39  5:50  Stalker  
  39  5:54  Sentry  
  43  6:02  Immortal  
  47  6:21  Sentry  
  45  6:27  Stalker  
  43  6:49  Immortal  
  47  7:00  Stalker  
  49  7:11  Adept  
  51  7:17  Shield Battery  
  51  7:26  Probe x2  

Tags
 
Add a new tag
Caveats
  • Supply blocks, unpowered buildings, or Contaminate may cause inaccurate times.
  • Supply counts are checked every 10 seconds.